Flyers vs Rangers

Created - 3 avril 2022 at 16:44

Goals
1 2 3 T
Flyers 0 1 0 1
Rangers 2 1 0 3
Shots
1 2 3 T
Flyers 9 5 9 23
Rangers 14 20 7 41

GoalsPenalties
1st period
1. Rangers , Ryan Reaves 14 (Marcus Johansson 30, Jordie Benn 17) at 14:35
2. Rangers , Kevin Connauton 3 (Marcus Johansson 31, Jeff Skinner 27) at 17:11 (SH)
Jordie Benn (NYR) for High sticking (Minor) at 15:30
Brett Pesce (PHI) for Slashing (Minor) at 19:42
2nd period
3. Flyers , Tyler Seguin 19 (Devon Toews 33) at 5:04
4. Rangers , Kyle Turris 6 (Samuel Girard 46, Jordie Benn 18) at 18:03
Barclay Goodrow (PHI) for Tripping (Minor) at 5:58
Ivan Provorov (PHI) for Roughing (Minor) at 11:13
3rd period
No Goal
Kurtis MacDermid (PHI) for High sticking (Minor) at 5:37
Alex Chiasson (NYR) for High sticking (Minor) at 8:25
Tom Wilson (PHI) for Hooking (Minor) at 12:53
Kevin Connauton (NYR) for Hooking (Minor) at 15:43
Goalie Stats
Sergei Bobrovsky (PHI), 38 saves from 41 shots - (0,927), L, 35-18-7, 60:00 minutes
Keith Kinkaid (NYR), 22 saves from 23 shots - (0,957), W, 10-17-3, 60:00 minutes
3 StarsOfficial
1 - Ryan Reaves (NYR)
2 - Samuel Girard (NYR)
3 - Marcus Johansson (NYR)
Referees : Trevor Hanson and Kyle Rehman
Linesman : Bryan Pancich and Brian Murphy
Game Note
No Game Note



Team Name Goals Shots Shots Attemp Shots Blocked PIM HIT PP PK FO%
Flyers 12356510240 / 3 (0%)043%
Rangers 34175116240 / 5 (0%)057%

Flyers
Player Name POS G A P +/- PIM HIT SHT SB MP PP MP PP SHT PK MP PK SHT FO% FOT
Alex KillornLW/RW0001004015:390:0004:35250% 4
Barclay GoodrowC/LW/RW0000220115:040:0004:14023% 22
Brad MarchandLW000-2002015:023:0912:03033% 3
Brandon HagelLW/RW000-1000012:230:0000:0000% 2
Brett PesceD000-1200018:570:0004:3200% 0
Bryan RustLW/RW000-1031014:003:0910:0000% 1
Connor McDavidC000-2004012:593:0900:00056% 16
David PastrnakRW0000006013:462:4210:0000% 0
Devon ToewsD0110041222:073:1503:4110% 0
Hampus LindholmD0000000114:380:0000:0700% 0
Ivan ProvorovD000-2250022:332:4204:4900% 0
Kevin FialaLW/RW0000002013:392:4810:0000% 1
Kurtis MacDermidD0000240014:540:0000:2400% 0
Logan O'ConnorRW000-1000012:230:0000:0000% 1
Oscar KlefbomD0000010124:063:1506:1700% 0
Phillip DanaultC000-1021016:580:0004:35057% 21
Tom WilsonRW000-1230017:002:4804:2300% 2
Tyler SeguinC/LW/RW1011002013:522:4800:00056% 18
Rangers
Player Name POS G A P +/- PIM HIT SHT SB MP PP MP PP SHT PK MP PK SHT FO% FOT
Alex ChiassonLW/RW0000221011:430:0000:0000% 0
Bowen ByramD0000046022:315:0643:1300% 0
Dylan CoghlanD0000000012:400:0000:0000% 0
Gabriel VilardiC0000010011:440:0000:00083% 12
Jeff SkinnerLW0112007020:224:4903:1800% 0
Joel KivirantaLW000000217:410:0000:0000% 0
Jordie BennD0221200417:150:0000:0000% 0
Kevin ConnautonD1011221014:480:0002:0910% 0
Kyle OkposoLW/RW0000021011:440:0000:0000% 0
Kyle TurrisC/LW/RW1010001012:475:0600:00057% 14
Marcus JohanssonC/LW0222001020:084:3503:18050% 26
Nils HoglanderLW/RW0000003017:485:2010:0000% 0
Pat MaroonLW0000021015:405:2002:39025% 4
Pierre-Luc DuboisC0000025019:424:3522:39058% 24
Ryan LindgrenD0000033122:024:4913:0100% 0
Ryan ReavesRW1011031016:504:3500:0000% 0
Samuel GirardD0112021520:470:0003:3100% 0
Trevor ZegrasC0000017017:485:2010:00055% 11

Flyers

5 vs 5 Forward
Line #Left WingCenterRight WingPHYDFOFWanted %Time %Time Play
1Brad MarchandConnor McDavidTom Wilson1222522%9:50
2Alex KillornTyler SeguinDavid Pastrnak1222525%11:04
3Brandon HagelPhillip DanaultLogan O'Connor1312528%12:23
4Kevin FialaBarclay GoodrowBryan Rust1132525%10:51
5 vs 5 Defense
Line #DefenseDefensePHYDFOFWanted %Time %Time Play
1Ivan ProvorovBrett Pesce1224033%14:26
2Oscar KlefbomDevon Toews1224033%14:34
3Kurtis MacDermidHampus Lindholm1222033%14:31
4Ivan ProvorovDevon Toews12201%0:37
Power Play Forward
Line #Left WingCenterRight WingPHYDFOFWanted %Time %Time Play
1Brad MarchandConnor McDavidBryan Rust1045053%3:09
2Kevin FialaTyler SeguinTom Wilson1045047%2:48
Power Play Defense
Line #DefenseDefensePHYDFOFWanted %Time %Time Play
1Ivan ProvorovDavid Pastrnak0145545%2:42
2Oscar KlefbomDevon Toews0144555%3:15
Penalty Kill 4 Players Forward
Line #CenterWingPHYDFOFWanted %Time %Time Play
1Phillip DanaultAlex Killorn1315046%4:35
2Barclay GoodrowTom Wilson1315054%5:20
Penalty Kill 4 Players Defense
Line #DefenseDefensePHYDFOFWanted %Time %Time Play
1Brett PesceIvan Provorov0505563%6:14
2Oscar KlefbomDevon Toews0504537%3:41
Penalty Kill 3 Players
Line #WingPHYDFOFWanted %Time %Time PlayDefenseDefensePHYDFOFWanted %Time %Time Play
1Phillip Danault140500%0:00 Brett PesceIvan Provorov050500%0:00
2Barclay Goodrow140500%0:00 Oscar KlefbomDevon Toews050500%0:00
4 vs 4 Forward
Line #CenterWingPHYDFOFWanted %Time %Time Play
1Connor McDavidBrad Marchand014500%0:00
2Tyler SeguinDavid Pastrnak014500%0:00
4 vs 4 Defense
Line #DefensePHYDFOFWanted %Time %Time Play
1Ivan ProvorovDevon Toews032500%0:00
2Oscar KlefbomBrett Pesce032500%0:00
Last Minutes Offensive
Left WingCenterRight WingDefenseDefense
Brad MarchandConnor McDavidDavid PastrnakIvan ProvorovDevon Toews
Last Minutes Defensive
Left WingCenterRight WingDefenseDefense
Alex KillornPhillip DanaultTom WilsonIvan ProvorovBrett Pesce
Time
Total ForwardTotal DefenseLast Minutes OffensiveLast Minutes Defensive
60:00 60:00 0:000:00
Extra Forwards
Normal PowerPlayPenalty Kill
Kevin Fiala, Tom Wilson, Bryan RustAlex Killorn, Barclay GoodrowBrad Marchand
Extra Defensemen
Normal PowerPlayPenalty Kill
Ivan Provorov, Oscar Klefbom, Devon ToewsBrett Pesce, Oscar KlefbomIvan Provorov
Penalty Shots
Connor McDavid, Tyler Seguin, David Pastrnak, Brad Marchand, Bryan Rust
Goalie
Sergei Bobrovsky, Matt Murray
Custom OT Lines Forwards
Connor McDavid, Brad Marchand, Tyler Seguin, Bryan Rust, David Pastrnak, Phillip Danault, Kevin Fiala, Tom Wilson, Barclay Goodrow, Alex Killorn
Custom OT Lines Defensemen
Ivan Provorov, Devon Toews, Oscar Klefbom, Brett Pesce, Hampus Lindholm
Scratches
Anthony Stolarz (Healthy)

Rangers

5 vs 5 Forward
Line #Left WingCenterRight WingPHYDFOFWanted %Time %Time Play
1Trevor ZegrasPierre-Luc DuboisNils Hoglander0143328%12:28
2Jeff SkinnerMarcus JohanssonRyan Reaves0323028%12:15
3Kyle OkposoGabriel VilardiAlex Chiasson1312227%11:44
4Joel KivirantaKyle TurrisPat Maroon2211517%7:41
5 vs 5 Defense
Line #DefenseDefensePHYDFOFWanted %Time %Time Play
1Ryan LindgrenBowen Byram0234032%14:12
2Samuel GirardJordie Benn0234039%17:16
3Dylan CoghlanKevin Connauton1402029%12:40
4Bowen ByramRyan Lindgren12200%0:00
Power Play Forward
Line #Left WingCenterRight WingPHYDFOFWanted %Time %Time Play
1Nils HoglanderTrevor ZegrasPat Maroon0145054%5:20
2Marcus JohanssonPierre-Luc DuboisRyan Reaves0145046%4:35
Power Play Defense
Line #DefenseDefensePHYDFOFWanted %Time %Time Play
1Kyle TurrisBowen Byram0145051%5:06
2Jeff SkinnerRyan Lindgren0235049%4:49
Penalty Kill 4 Players Forward
Line #CenterWingPHYDFOFWanted %Time %Time Play
1Marcus JohanssonJeff Skinner0415055%3:18
2Pat MaroonPierre-Luc Dubois0415045%2:39
Penalty Kill 4 Players Defense
Line #DefenseDefensePHYDFOFWanted %Time %Time Play
1Ryan LindgrenBowen Byram0325041%2:26
2Kevin ConnautonSamuel Girard0415059%3:31
Penalty Kill 3 Players
Line #WingPHYDFOFWanted %Time %Time PlayDefenseDefensePHYDFOFWanted %Time %Time Play
1Marcus Johansson140500%0:00 Bowen ByramRyan Lindgren140500%0:00
2Pat Maroon140500%0:00 Kevin ConnautonJordie Benn140500%0:00
4 vs 4 Forward
Line #CenterWingPHYDFOFWanted %Time %Time Play
1Trevor ZegrasRyan Reaves023500%0:00
2Marcus JohanssonPierre-Luc Dubois023500%0:00
4 vs 4 Defense
Line #DefensePHYDFOFWanted %Time %Time Play
1Jordie BennKevin Connauton023500%0:00
2Ryan LindgrenBowen Byram032500%0:00
Last Minutes Offensive
Left WingCenterRight WingDefenseDefense
Nils HoglanderPierre-Luc DuboisJeff SkinnerTrevor ZegrasKevin Connauton
Last Minutes Defensive
Left WingCenterRight WingDefenseDefense
Gabriel VilardiMarcus JohanssonRyan ReavesRyan LindgrenJordie Benn
Time
Total ForwardTotal DefenseLast Minutes OffensiveLast Minutes Defensive
60:00 60:00 0:000:00
Extra Forwards
Normal PowerPlayPenalty Kill
Trevor Zegras, Marcus Johansson, Pierre-Luc DuboisPierre-Luc Dubois, Pat MaroonMarcus Johansson
Extra Defensemen
Normal PowerPlayPenalty Kill
Ryan Lindgren, Kevin Connauton, Bowen ByramRyan Lindgren, Ryan LindgrenBowen Byram
Penalty Shots
Pierre-Luc Dubois, Pat Maroon, Trevor Zegras, Marcus Johansson, Ryan Lindgren
Goalie
Keith Kinkaid, Igor Shesterkin
Custom OT Lines Forwards
Gabriel Vilardi, Trevor Zegras, Ryan Reaves, Pierre-Luc Dubois, Nils Hoglander, Marcus Johansson, Pat Maroon, Joel Kiviranta, Alex Chiasson, Jeff Skinner
Custom OT Lines Defensemen
Dylan Coghlan, Ryan Lindgren, Bowen Byram, Samuel Girard, Kevin Connauton
Scratches
Wayne Simmonds (Healthy), Alexandre Carrier (Healthy)


Play-by-Play

1st period


0:01 of 1st period - Pierre-Luc Dubois wins face-off versus Connor McDavid in neutral zone.
0:19 of 1st period - Brad Marchand is hit by Bowen Byram.
0:34 of 1st period - Connor McDavid is hit by Ryan Lindgren.
0:45 of 1st period - Brad Marchand is hit by Ryan Lindgren and loses puck.
1:12 of 1st period - Shot by Tyler Seguin.
1:12 of 1st period - Stopped by Keith Kinkaid without a rebound.
1:13 of 1st period - Phillip Danault wins face-off versus Marcus Johansson in Rangers zone.
1:26 of 1st period - Shot by Phillip Danault.
1:26 of 1st period - Shot Misses the Net.
1:28 of 1st period - Shot by Brandon Hagel.
1:28 of 1st period - Shot Misses the Net.
1:52 of 1st period - Shot by Marcus Johansson.
1:52 of 1st period - Deflect By Jeff Skinner.
1:52 of 1st period - Stopped by Sergei Bobrovsky without a rebound.
1:53 of 1st period - Gabriel Vilardi wins face-off versus Barclay Goodrow in Flyers zone.
1:56 of 1st period - Shot by Kyle Okposo.
1:56 of 1st period - Shot Misses the Net.
2:12 of 1st period - Barclay Goodrow is hit by Alex Chiasson and loses puck.
2:18 of 1st period - Oscar Klefbom is hit by Kevin Connauton and loses puck.
2:31 of 1st period - Shot by Kyle Okposo.
2:31 of 1st period - Stopped by Sergei Bobrovsky without a rebound.
2:32 of 1st period - Tyler Seguin wins face-off versus Kyle Turris in Flyers zone.
2:46 of 1st period - Icing by Jordie Benn.
2:47 of 1st period - Kyle Turris wins face-off versus Logan O'Connor in Rangers zone.
3:17 of 1st period - Shot by Joel Kiviranta.
3:17 of 1st period - Stopped by Sergei Bobrovsky with a rebound.
3:49 of 1st period - Shot by Bowen Byram.
3:49 of 1st period - Stopped by Sergei Bobrovsky without a rebound.
3:50 of 1st period - Gabriel Vilardi wins face-off versus Barclay Goodrow in Flyers zone.
3:59 of 1st period - Shot by Gabriel Vilardi.
3:59 of 1st period - Deflect By Alex Chiasson.
3:59 of 1st period - Stopped by Sergei Bobrovsky without a rebound.
4:00 of 1st period - Tyler Seguin wins face-off versus Marcus Johansson in Flyers zone.
4:00 of 1st period - Tyler Seguin is hit by Ryan Reaves.
4:06 of 1st period - Oscar Klefbom is hit by Ryan Reaves and loses puck.
4:35 of 1st period - Shot by Marcus Johansson.
4:35 of 1st period - Deflect By Ryan Reaves.
4:35 of 1st period - Shot Misses the Net.
4:37 of 1st period - Shot by Ryan Reaves.
4:37 of 1st period - Shot Misses the Net.
4:39 of 1st period - Shot by Bowen Byram.
4:39 of 1st period - Deflect By Marcus Johansson.
4:39 of 1st period - Shot Misses the Net.
4:41 of 1st period - Shot by Jeff Skinner.
4:41 of 1st period - Stopped by Sergei Bobrovsky without a rebound.
4:42 of 1st period - Pierre-Luc Dubois wins face-off versus Barclay Goodrow in Flyers zone.
5:01 of 1st period - Shot by Bryan Rust.
5:01 of 1st period - Deflect By Kevin Fiala.
5:01 of 1st period - Stopped by Keith Kinkaid with a rebound.
5:19 of 1st period - Jordie Benn is hit by Barclay Goodrow and loses puck.
5:49 of 1st period - Gabriel Vilardi is hit by Devon Toews and loses puck.
5:53 of 1st period - Icing by Oscar Klefbom.
5:54 of 1st period - Connor McDavid wins face-off versus Marcus Johansson in Flyers zone.
5:58 of 1st period - Connor McDavid is hit by Bowen Byram.
6:01 of 1st period - Icing by Bowen Byram.
6:02 of 1st period - Marcus Johansson wins face-off versus Alex Killorn in Rangers zone.
6:17 of 1st period - Shot by Jeff Skinner.
6:17 of 1st period - Stopped by Sergei Bobrovsky without a rebound.
6:18 of 1st period - Gabriel Vilardi wins face-off versus Connor McDavid in Flyers zone.
6:27 of 1st period - Icing by Oscar Klefbom.
6:28 of 1st period - Pierre-Luc Dubois wins face-off versus Connor McDavid in Flyers zone.
6:47 of 1st period - Shot by Brad Marchand.
6:47 of 1st period - Shot Blocked by Jordie Benn.
7:28 of 1st period - Icing by Ivan Provorov.
7:29 of 1st period - Phillip Danault wins face-off versus Gabriel Vilardi in Flyers zone.
8:14 of 1st period - Kyle Okposo is hit by Phillip Danault and loses puck.
8:31 of 1st period - Off-side.
8:32 of 1st period - Marcus Johansson wins face-off versus Barclay Goodrow in neutral zone.
8:41 of 1st period - Shot by Jeff Skinner.
8:41 of 1st period - Stopped by Sergei Bobrovsky without a rebound.
8:42 of 1st period - Tyler Seguin wins face-off versus Kyle Turris in Flyers zone.
8:50 of 1st period - David Pastrnak is hit by Samuel Girard and loses puck.
9:03 of 1st period - Shot by Alex Killorn.
9:03 of 1st period - Shot Misses the Net.
9:05 of 1st period - Shot by Alex Killorn.
9:05 of 1st period - Shot Misses the Net.
9:11 of 1st period - Shot by David Pastrnak.
9:11 of 1st period - Stopped by Keith Kinkaid with a rebound.
9:13 of 1st period - Shot by Tyler Seguin.
9:13 of 1st period - Shot Misses the Net.
9:21 of 1st period - Shot by David Pastrnak.
9:21 of 1st period - Stopped by Keith Kinkaid with a rebound.
10:05 of 1st period - Shot by Kevin Fiala.
10:05 of 1st period - Shot Misses the Net.
10:23 of 1st period - Icing by Kevin Connauton.
10:24 of 1st period - Marcus Johansson wins face-off versus Tom Wilson in Rangers zone.
10:24 of 1st period - Marcus Johansson is hit by Tom Wilson.
10:43 of 1st period - Tom Wilson is hit by Pierre-Luc Dubois and loses puck.
10:54 of 1st period - Shot by Ryan Lindgren.
10:54 of 1st period - Stopped by Sergei Bobrovsky without a rebound.
10:55 of 1st period - Phillip Danault wins face-off versus Gabriel Vilardi in Flyers zone.
11:19 of 1st period - Icing by Jordie Benn.
11:20 of 1st period - Gabriel Vilardi wins face-off versus Tyler Seguin in Rangers zone.
11:25 of 1st period - Alex Killorn is hit by Alex Chiasson and loses puck.
11:39 of 1st period - Shot by David Pastrnak.
11:39 of 1st period - Stopped by Keith Kinkaid with a rebound.
11:41 of 1st period - Shot by Alex Killorn.
11:41 of 1st period - Shot Misses the Net.
11:43 of 1st period - Shot by Ivan Provorov.
11:43 of 1st period - Shot Blocked by Samuel Girard.
11:55 of 1st period - Shot by David Pastrnak.
11:55 of 1st period - Shot Blocked by Samuel Girard.
11:57 of 1st period - Shot by Brett Pesce.
11:57 of 1st period - Shot Blocked by Jordie Benn.
11:59 of 1st period - Shot by David Pastrnak.
11:59 of 1st period - Stopped by Keith Kinkaid without a rebound.
12:00 of 1st period - Pierre-Luc Dubois wins face-off versus Connor McDavid in Rangers zone.
12:21 of 1st period - Shot by Trevor Zegras.
12:21 of 1st period - Stopped by Sergei Bobrovsky without a rebound.
12:22 of 1st period - Marcus Johansson wins face-off versus Barclay Goodrow in Flyers zone.
12:29 of 1st period - Shot by Marcus Johansson.
12:29 of 1st period - Shot Misses the Net.
12:31 of 1st period - Shot by Dylan Coghlan.
12:31 of 1st period - Shot Misses the Net.
12:51 of 1st period - Shot by Jeff Skinner.
12:51 of 1st period - Stopped by Sergei Bobrovsky without a rebound.
12:52 of 1st period - Pierre-Luc Dubois wins face-off versus Phillip Danault in Flyers zone.
13:54 of 1st period - Shot by Connor McDavid.
13:54 of 1st period - Shot Blocked by Ryan Lindgren.
14:07 of 1st period - Icing by Devon Toews.
14:08 of 1st period - Marcus Johansson wins face-off versus Connor McDavid in Flyers zone.
14:21 of 1st period - Shot by Jeff Skinner.
14:21 of 1st period - Shot Blocked by Oscar Klefbom.
14:25 of 1st period - Shot by Jeff Skinner.
14:25 of 1st period - Shot Misses the Net.
14:30 of 1st period - Marcus Johansson is hit by Devon Toews and loses puck.
14:33 of 1st period - Shot by Marcus Johansson.
14:33 of 1st period - Shot Misses the Net.
14:35 of 1st period - Shot by Ryan Reaves.
14:35 of 1st period - Goal by Ryan Reaves - Flyers : 0 - Rangers : 1.
14:36 of 1st period - Kyle Turris wins face-off versus Barclay Goodrow in neutral zone.
14:36 of 1st period - Kyle Turris is hit by Bryan Rust.
14:39 of 1st period - Kevin Connauton is hit by Kurtis MacDermid and loses puck.
15:15 of 1st period - Icing by Bryan Rust.
15:16 of 1st period - Marcus Johansson wins face-off versus Bryan Rust in Flyers zone.
15:17 of 1st period - Shot by Jeff Skinner.
15:17 of 1st period - Shot Blocked by Hampus Lindholm.
15:27 of 1st period - Shot by Bryan Rust.
15:27 of 1st period - Shot Blocked by Samuel Girard.
15:30 of 1st period - Minor Penalty to Jordie Benn for High sticking.
15:31 of 1st period - Marcus Johansson wins face-off versus Connor McDavid in Rangers zone.
15:55 of 1st period - Shot by David Pastrnak.
15:55 of 1st period - Shot Misses the Net.
16:01 of 1st period - Shot by David Pastrnak.
16:01 of 1st period - Stopped by Keith Kinkaid without a rebound.
16:02 of 1st period - Pat Maroon wins face-off versus Tyler Seguin in Rangers zone.
16:02 of 1st period - Pat Maroon is hit by Tom Wilson.
16:14 of 1st period - Shot by Oscar Klefbom.
16:14 of 1st period - Deflect By Kevin Fiala.
16:14 of 1st period - Stopped by Keith Kinkaid with a rebound.
16:16 of 1st period - Shot by Devon Toews.
16:16 of 1st period - Shot Misses the Net.
17:09 of 1st period - Shot by Marcus Johansson.
17:09 of 1st period - Shot Misses the Net.
17:11 of 1st period - Shot by Kevin Connauton.
17:11 of 1st period - Goal by Kevin Connauton - Flyers : 0 - Rangers : 2.
17:12 of 1st period - Connor McDavid wins face-off versus Pat Maroon in neutral zone.
18:32 of 1st period - Off-side.
18:33 of 1st period - Pierre-Luc Dubois wins face-off versus Tyler Seguin in neutral zone.
18:42 of 1st period - Shot by Trevor Zegras.
18:42 of 1st period - Stopped by Sergei Bobrovsky without a rebound.
18:43 of 1st period - Marcus Johansson wins face-off versus Tom Wilson in Flyers zone.
18:43 of 1st period - Marcus Johansson is hit by Devon Toews.
19:03 of 1st period - Shot by Connor McDavid.
19:03 of 1st period - Stopped by Keith Kinkaid without a rebound.
19:04 of 1st period - Tyler Seguin wins face-off versus Pierre-Luc Dubois in Rangers zone.
19:42 of 1st period - Minor Penalty to Brett Pesce for Slashing.
19:43 of 1st period - Barclay Goodrow wins face-off versus Pierre-Luc Dubois in Flyers zone.
Goals for this period are 0 for Flyers vs 2 for Rangers.
Shots for this period are 9 for Flyers vs 14 for Rangers.

2nd period


0:01 of 2nd period - Phillip Danault wins face-off versus Trevor Zegras in neutral zone.
0:14 of 2nd period - Shot by Nils Hoglander.
0:14 of 2nd period - Shot Misses the Net.
0:16 of 2nd period - Shot by Ryan Lindgren.
0:16 of 2nd period - Stopped by Sergei Bobrovsky without a rebound.
0:17 of 2nd period - Pierre-Luc Dubois wins face-off versus Phillip Danault in Flyers zone.
0:18 of 2nd period - Shot by Bowen Byram.
0:18 of 2nd period - Stopped by Sergei Bobrovsky without a rebound.
0:19 of 2nd period - Trevor Zegras wins face-off versus Phillip Danault in Flyers zone.
0:38 of 2nd period - Shot by Nils Hoglander.
0:38 of 2nd period - Stopped by Sergei Bobrovsky without a rebound.
0:39 of 2nd period - Pierre-Luc Dubois wins face-off versus Barclay Goodrow in Flyers zone.
2:16 of 2nd period - Icing by Jordie Benn.
2:17 of 2nd period - Gabriel Vilardi wins face-off versus Phillip Danault in Rangers zone.
3:06 of 2nd period - Off-side.
3:07 of 2nd period - Marcus Johansson wins face-off versus Barclay Goodrow in neutral zone.
3:12 of 2nd period - Shot by Marcus Johansson.
3:12 of 2nd period - Stopped by Sergei Bobrovsky without a rebound.
3:13 of 2nd period - Marcus Johansson wins face-off versus Barclay Goodrow in Flyers zone.
4:32 of 2nd period - Shot by Pierre-Luc Dubois.
4:32 of 2nd period - Shot Misses the Net.
5:04 of 2nd period - Shot by Tyler Seguin.
5:04 of 2nd period - Goal by Tyler Seguin - Flyers : 1 - Rangers : 2.
5:05 of 2nd period - Gabriel Vilardi wins face-off versus Tyler Seguin in neutral zone.
5:24 of 2nd period - Shot by David Pastrnak.
5:24 of 2nd period - Shot Blocked by Jordie Benn.
5:26 of 2nd period - Shot by Devon Toews.
5:26 of 2nd period - Shot Hit the Post.
5:52 of 2nd period - Off-side.
5:53 of 2nd period - Barclay Goodrow wins face-off versus Marcus Johansson in neutral zone.
5:58 of 2nd period - Minor Penalty to Barclay Goodrow for Tripping.
5:59 of 2nd period - Brad Marchand wins face-off versus Trevor Zegras in Flyers zone.
5:59 of 2nd period - Brad Marchand is hit by Pat Maroon.
6:52 of 2nd period - Off-side.
6:53 of 2nd period - Phillip Danault wins face-off versus Pierre-Luc Dubois in neutral zone.
7:11 of 2nd period - Shot by Pierre-Luc Dubois.
7:11 of 2nd period - Stopped by Sergei Bobrovsky with a rebound.
7:13 of 2nd period - Shot by Marcus Johansson.
7:13 of 2nd period - Shot Misses the Net.
7:15 of 2nd period - Shot by Bowen Byram.
7:15 of 2nd period - Stopped by Sergei Bobrovsky without a rebound.
7:16 of 2nd period - Pierre-Luc Dubois wins face-off versus Brad Marchand in Flyers zone.
7:35 of 2nd period - Shot by Bowen Byram.
7:35 of 2nd period - Shot Blocked by Devon Toews.
7:37 of 2nd period - Shot by Bowen Byram.
7:37 of 2nd period - Stopped by Sergei Bobrovsky without a rebound.
7:38 of 2nd period - Trevor Zegras wins face-off versus Phillip Danault in Flyers zone.
7:38 of 2nd period - Nils Hoglander is hit by Ivan Provorov and loses puck.
8:04 of 2nd period - Jordie Benn is hit by Kurtis MacDermid and loses puck.
8:08 of 2nd period - Icing by Hampus Lindholm.
8:09 of 2nd period - Gabriel Vilardi wins face-off versus Kevin Fiala in Flyers zone.
9:28 of 2nd period - Shot by Connor McDavid.
9:28 of 2nd period - Shot Misses the Net.
9:30 of 2nd period - Shot by Brad Marchand.
9:30 of 2nd period - Stopped by Keith Kinkaid with a rebound.
10:15 of 2nd period - Shot by Nils Hoglander.
10:15 of 2nd period - Deflect By Trevor Zegras.
10:15 of 2nd period - Stopped by Sergei Bobrovsky with a rebound.
10:17 of 2nd period - Shot by Nils Hoglander.
10:17 of 2nd period - Stopped by Sergei Bobrovsky with a rebound.
10:29 of 2nd period - Shot by Trevor Zegras.
10:29 of 2nd period - Shot Misses the Net.
10:31 of 2nd period - Shot by Pierre-Luc Dubois.
10:31 of 2nd period - Stopped by Sergei Bobrovsky without a rebound.
10:32 of 2nd period - Kyle Turris wins face-off versus Tyler Seguin in Flyers zone.
10:39 of 2nd period - Shot by Alex Killorn.
10:39 of 2nd period - Stopped by Keith Kinkaid with a rebound.
10:41 of 2nd period - Shot by Alex Killorn.
10:41 of 2nd period - Stopped by Keith Kinkaid without a rebound.
10:42 of 2nd period - Gabriel Vilardi wins face-off versus Barclay Goodrow in Rangers zone.
10:42 of 2nd period - Kevin Connauton is hit by Bryan Rust and loses puck.
10:56 of 2nd period - Shot by Gabriel Vilardi.
10:56 of 2nd period - Shot Misses the Net.
11:03 of 2nd period - Gabriel Vilardi is hit by Ivan Provorov and loses puck.
11:09 of 2nd period - Kyle Okposo is hit by Ivan Provorov and loses puck.
11:13 of 2nd period - Minor Penalty to Ivan Provorov for Roughing.
11:14 of 2nd period - Phillip Danault wins face-off versus Trevor Zegras in Flyers zone.
11:14 of 2nd period - Phillip Danault is hit by Pat Maroon.
11:36 of 2nd period - Shot by Bowen Byram.
11:36 of 2nd period - Shot Misses the Net.
11:45 of 2nd period - Icing by Bowen Byram.
11:46 of 2nd period - Trevor Zegras wins face-off versus Barclay Goodrow in Rangers zone.
11:48 of 2nd period - Icing by Bowen Byram.
11:49 of 2nd period - Trevor Zegras wins face-off versus Phillip Danault in Rangers zone.
12:04 of 2nd period - Shot by Bowen Byram.
12:04 of 2nd period - Stopped by Sergei Bobrovsky without a rebound.
12:05 of 2nd period - Pierre-Luc Dubois wins face-off versus Alex Killorn in Flyers zone.
12:21 of 2nd period - Icing by Jeff Skinner.
12:22 of 2nd period - Alex Killorn wins face-off versus Pierre-Luc Dubois in Rangers zone.
12:41 of 2nd period - Shot by Marcus Johansson.
12:41 of 2nd period - Shot Misses the Net.
12:43 of 2nd period - Shot by Jeff Skinner.
12:43 of 2nd period - Shot Blocked by Barclay Goodrow.
13:20 of 2nd period - Connor McDavid is hit by Samuel Girard and loses puck.
13:41 of 2nd period - Shot by Samuel Girard.
13:41 of 2nd period - Stopped by Sergei Bobrovsky without a rebound.
13:42 of 2nd period - Kyle Turris wins face-off versus Tyler Seguin in Flyers zone.
13:51 of 2nd period - Shot by Joel Kiviranta.
13:51 of 2nd period - Deflect By Pat Maroon.
13:51 of 2nd period - Shot Blocked by Devon Toews.
14:18 of 2nd period - Shot by Joel Kiviranta.
14:18 of 2nd period - Stopped by Sergei Bobrovsky without a rebound.
14:19 of 2nd period - Phillip Danault wins face-off versus Pierre-Luc Dubois in Flyers zone.
14:19 of 2nd period - Phillip Danault is hit by Trevor Zegras.
15:22 of 2nd period - Icing by Devon Toews.
15:23 of 2nd period - Connor McDavid wins face-off versus Marcus Johansson in Flyers zone.
15:32 of 2nd period - Shot by Connor McDavid.
15:32 of 2nd period - Stopped by Keith Kinkaid without a rebound.
15:33 of 2nd period - Tyler Seguin wins face-off versus Kyle Turris in Rangers zone.
15:38 of 2nd period - Shot by David Pastrnak.
15:38 of 2nd period - Deflect By Tyler Seguin.
15:38 of 2nd period - Shot Misses the Net.
15:40 of 2nd period - Shot by Tyler Seguin.
15:40 of 2nd period - Shot Misses the Net.
15:42 of 2nd period - Shot by Ivan Provorov.
15:42 of 2nd period - Shot Blocked by Jordie Benn.
15:44 of 2nd period - Shot by Brett Pesce.
15:44 of 2nd period - Shot Misses the Net.
16:13 of 2nd period - Icing by Brett Pesce.
16:14 of 2nd period - Marcus Johansson wins face-off versus Tyler Seguin in Flyers zone.
17:43 of 2nd period - Shot by Pierre-Luc Dubois.
17:43 of 2nd period - Shot Misses the Net.
17:45 of 2nd period - Shot by Bowen Byram.
17:45 of 2nd period - Stopped by Sergei Bobrovsky with a rebound.
17:49 of 2nd period - Shot by Nils Hoglander.
17:49 of 2nd period - Deflect By Trevor Zegras.
17:49 of 2nd period - Shot Misses the Net.
17:51 of 2nd period - Shot by Nils Hoglander.
17:51 of 2nd period - Shot Misses the Net.
17:53 of 2nd period - Shot by Trevor Zegras.
17:53 of 2nd period - Stopped by Sergei Bobrovsky without a rebound.
17:54 of 2nd period - Phillip Danault wins face-off versus Kyle Turris in Flyers zone.
18:03 of 2nd period - Shot by Kyle Turris.
18:03 of 2nd period - Goal by Kyle Turris - Flyers : 1 - Rangers : 3.
18:04 of 2nd period - Tyler Seguin wins face-off versus Pierre-Luc Dubois in neutral zone.
18:07 of 2nd period - Shot by David Pastrnak.
18:07 of 2nd period - Shot Misses the Net.
18:23 of 2nd period - Shot by Nils Hoglander.
18:23 of 2nd period - Shot Misses the Net.
18:26 of 2nd period - Icing by Brett Pesce.
18:27 of 2nd period - Kyle Turris wins face-off versus Tyler Seguin in Flyers zone.
18:27 of 2nd period - Samuel Girard is hit by Ivan Provorov and loses puck.
18:42 of 2nd period - Samuel Girard is hit by Ivan Provorov and loses puck.
18:57 of 2nd period - Shot by Pat Maroon.
18:57 of 2nd period - Stopped by Sergei Bobrovsky without a rebound.
18:58 of 2nd period - Trevor Zegras wins face-off versus Phillip Danault in Flyers zone.
18:58 of 2nd period - Trevor Zegras is hit by Devon Toews.
19:02 of 2nd period - Shot by Nils Hoglander.
19:02 of 2nd period - Shot Misses the Net.
19:11 of 2nd period - Icing by Devon Toews.
19:12 of 2nd period - Marcus Johansson wins face-off versus Phillip Danault in Flyers zone.
19:13 of 2nd period - Shot by Jeff Skinner.
19:13 of 2nd period - Stopped by Sergei Bobrovsky without a rebound.
19:14 of 2nd period - Phillip Danault wins face-off versus Pierre-Luc Dubois in Flyers zone.
19:37 of 2nd period - Shot by Nils Hoglander.
19:37 of 2nd period - Shot Misses the Net.
19:39 of 2nd period - Shot by Ryan Lindgren.
19:39 of 2nd period - Stopped by Sergei Bobrovsky without a rebound.
19:40 of 2nd period - Connor McDavid wins face-off versus Marcus Johansson in Flyers zone.
19:42 of 2nd period - Icing by Ivan Provorov.
19:43 of 2nd period - Connor McDavid wins face-off versus Marcus Johansson in Flyers zone.
19:43 of 2nd period - Brad Marchand is hit by Ryan Reaves.
19:55 of 2nd period - Shot by Jeff Skinner.
19:55 of 2nd period - Stopped by Sergei Bobrovsky without a rebound.
19:56 of 2nd period - Barclay Goodrow wins face-off versus Pierre-Luc Dubois in Flyers zone.
Goals for this period are 1 for Flyers vs 1 for Rangers.
Shots for this period are 5 for Flyers vs 20 for Rangers.

3rd period


0:01 of 3rd period - Marcus Johansson wins face-off versus Connor McDavid in neutral zone.
1:07 of 3rd period - Shot by Pierre-Luc Dubois.
1:07 of 3rd period - Stopped by Sergei Bobrovsky without a rebound.
1:08 of 3rd period - Phillip Danault wins face-off versus Kyle Turris in Flyers zone.
1:29 of 3rd period - Shot by Logan O'Connor.
1:29 of 3rd period - Shot Hit the Post.
1:31 of 3rd period - Shot by Logan O'Connor.
1:31 of 3rd period - Shot Misses the Net.
1:33 of 3rd period - Shot by Ivan Provorov.
1:33 of 3rd period - Shot Blocked by Joel Kiviranta.
1:49 of 3rd period - Shot by Phillip Danault.
1:49 of 3rd period - Stopped by Keith Kinkaid without a rebound.
1:50 of 3rd period - Pierre-Luc Dubois wins face-off versus Barclay Goodrow in Rangers zone.
1:50 of 3rd period - Pierre-Luc Dubois is hit by Barclay Goodrow.
1:59 of 3rd period - Samuel Girard is hit by Bryan Rust and loses puck.
2:03 of 3rd period - Jordie Benn is hit by Kurtis MacDermid and loses puck.
2:09 of 3rd period - Pierre-Luc Dubois is hit by Kurtis MacDermid and loses puck.
2:32 of 3rd period - Shot by Pierre-Luc Dubois.
2:32 of 3rd period - Deflect By Trevor Zegras.
2:32 of 3rd period - Stopped by Sergei Bobrovsky with a rebound.
2:34 of 3rd period - Shot by Trevor Zegras.
2:34 of 3rd period - Deflect By Nils Hoglander.
2:34 of 3rd period - Stopped by Sergei Bobrovsky with a rebound.
3:06 of 3rd period - Jeff Skinner is hit by Oscar Klefbom and loses puck.
4:58 of 3rd period - Icing by Jordie Benn.
4:59 of 3rd period - Kyle Turris wins face-off versus Barclay Goodrow in Rangers zone.
5:01 of 3rd period - Icing by Samuel Girard.
5:02 of 3rd period - Kyle Turris wins face-off versus Brad Marchand in Rangers zone.
5:02 of 3rd period - Kyle Turris is hit by Tom Wilson.
5:27 of 3rd period - Shot by Connor McDavid.
5:27 of 3rd period - Stopped by Keith Kinkaid without a rebound.
5:28 of 3rd period - Pierre-Luc Dubois wins face-off versus Barclay Goodrow in Rangers zone.
5:33 of 3rd period - Hampus Lindholm is hit by Pierre-Luc Dubois and loses puck.
5:37 of 3rd period - Minor Penalty to Kurtis MacDermid for High sticking.
5:38 of 3rd period - Pierre-Luc Dubois wins face-off versus Barclay Goodrow in Flyers zone.
5:49 of 3rd period - Shot by Jeff Skinner.
5:49 of 3rd period - Shot Misses the Net.
6:21 of 3rd period - Shot by Alex Killorn.
6:21 of 3rd period - Stopped by Keith Kinkaid with a rebound.
6:23 of 3rd period - Shot by Devon Toews.
6:23 of 3rd period - Stopped by Keith Kinkaid without a rebound.
6:24 of 3rd period - Trevor Zegras wins face-off versus Barclay Goodrow in Rangers zone.
6:39 of 3rd period - Shot by Trevor Zegras.
6:39 of 3rd period - Shot Misses the Net.
6:41 of 3rd period - Shot by Nils Hoglander.
6:41 of 3rd period - Deflect By Trevor Zegras.
6:41 of 3rd period - Stopped by Sergei Bobrovsky without a rebound.
6:42 of 3rd period - Phillip Danault wins face-off versus Trevor Zegras in Flyers zone.
7:47 of 3rd period - Shot by David Pastrnak.
7:47 of 3rd period - Shot Misses the Net.
8:25 of 3rd period - Minor Penalty to Alex Chiasson for High sticking.
8:26 of 3rd period - Connor McDavid wins face-off versus Marcus Johansson in Rangers zone.
8:28 of 3rd period - Brad Marchand is hit by Ryan Lindgren and loses puck.
8:38 of 3rd period - Bryan Rust is hit by Bowen Byram.
9:02 of 3rd period - Shot by Brad Marchand.
9:02 of 3rd period - Shot Blocked by Samuel Girard.
9:04 of 3rd period - Shot by Devon Toews.
9:04 of 3rd period - Shot Misses the Net.
9:06 of 3rd period - Shot by Bryan Rust.
9:06 of 3rd period - Stopped by Keith Kinkaid without a rebound.
9:07 of 3rd period - Tyler Seguin wins face-off versus Marcus Johansson in Rangers zone.
9:07 of 3rd period - Tyler Seguin is hit by Bowen Byram.
10:20 of 3rd period - Shot by Oscar Klefbom.
10:20 of 3rd period - Shot Misses the Net.
10:36 of 3rd period - Shot by Trevor Zegras.
10:36 of 3rd period - Stopped by Sergei Bobrovsky with a rebound.
10:52 of 3rd period - Icing by Hampus Lindholm.
10:53 of 3rd period - Gabriel Vilardi wins face-off versus Brandon Hagel in Flyers zone.
11:07 of 3rd period - Icing by Hampus Lindholm.
11:08 of 3rd period - Kyle Turris wins face-off versus Brandon Hagel in Flyers zone.
11:33 of 3rd period - Icing by Hampus Lindholm.
11:34 of 3rd period - Phillip Danault wins face-off versus Pierre-Luc Dubois in Flyers zone.
11:39 of 3rd period - Jordie Benn is hit by Phillip Danault and loses puck.
11:52 of 3rd period - Shot by Pierre-Luc Dubois.
11:52 of 3rd period - Stopped by Sergei Bobrovsky without a rebound.
11:53 of 3rd period - Barclay Goodrow wins face-off versus Marcus Johansson in Flyers zone.
12:53 of 3rd period - Minor Penalty to Tom Wilson for Hooking.
12:54 of 3rd period - Alex Killorn wins face-off versus Trevor Zegras in Flyers zone.
13:50 of 3rd period - Shot by Phillip Danault.
13:50 of 3rd period - Shot Misses the Net.
13:56 of 3rd period - Shot by Alex Killorn.
13:56 of 3rd period - Stopped by Keith Kinkaid without a rebound.
13:57 of 3rd period - Barclay Goodrow wins face-off versus Pierre-Luc Dubois in Rangers zone.
14:09 of 3rd period - Shot by Ryan Lindgren.
14:09 of 3rd period - Shot Misses the Net.
14:13 of 3rd period - Shot by Pierre-Luc Dubois.
14:13 of 3rd period - Deflect By Marcus Johansson.
14:13 of 3rd period - Shot Misses the Net.
14:17 of 3rd period - Shot by Jeff Skinner.
14:17 of 3rd period - Shot Misses the Net.
14:19 of 3rd period - Shot by Marcus Johansson.
14:19 of 3rd period - Deflect By Pierre-Luc Dubois.
14:19 of 3rd period - Stopped by Sergei Bobrovsky without a rebound.
14:20 of 3rd period - Pierre-Luc Dubois wins face-off versus Phillip Danault in Flyers zone.
14:57 of 3rd period - Shot by Jordie Benn.
14:57 of 3rd period - Shot Misses the Net.
15:05 of 3rd period - Alex Killorn is hit by Kyle Okposo and loses puck.
15:22 of 3rd period - Shot by David Pastrnak.
15:22 of 3rd period - Stopped by Keith Kinkaid without a rebound.
15:23 of 3rd period - Connor McDavid wins face-off versus Kyle Turris in Rangers zone.
15:31 of 3rd period - Brad Marchand is hit by Kevin Connauton and loses puck.
15:38 of 3rd period - Shot by Connor McDavid.
15:38 of 3rd period - Stopped by Keith Kinkaid with a rebound.
15:43 of 3rd period - Minor Penalty to Kevin Connauton for Hooking.
15:44 of 3rd period - Tyler Seguin wins face-off versus Marcus Johansson in Rangers zone.
15:47 of 3rd period - Shot by Devon Toews.
15:47 of 3rd period - Shot Misses the Net.
15:56 of 3rd period - Icing by Devon Toews.
15:57 of 3rd period - Tyler Seguin wins face-off versus Pat Maroon in Flyers zone.
16:54 of 3rd period - Icing by David Pastrnak.
16:55 of 3rd period - Connor McDavid wins face-off versus Pat Maroon in Flyers zone.
17:18 of 3rd period - Shot by Brad Marchand.
17:18 of 3rd period - Stopped by Keith Kinkaid without a rebound.
17:19 of 3rd period - Connor McDavid wins face-off versus Marcus Johansson in Rangers zone.
18:00 of 3rd period - Logan O'Connor is hit by Kyle Okposo and loses puck.
18:19 of 3rd period - Shot by Alex Chiasson.
18:19 of 3rd period - Shot Misses the Net.
18:42 of 3rd period - Icing by Dylan Coghlan.
18:43 of 3rd period - Gabriel Vilardi wins face-off versus Barclay Goodrow in Rangers zone.
18:48 of 3rd period - Devon Toews is hit by Gabriel Vilardi and loses puck.
19:28 of 3rd period - Icing by Samuel Girard.
19:29 of 3rd period - Tyler Seguin wins face-off versus Marcus Johansson in Rangers zone.
19:30 of 3rd period - Shot by David Pastrnak.
19:30 of 3rd period - Shot Blocked by Samuel Girard.
Goals for this period are 0 for Flyers vs 0 for Rangers.
Shots for this period are 9 for Flyers vs 7 for Rangers.